Description

Standard Bc rush into battlemech transition. Heromarine´s execution from his game 2 agains SortOf in WCS summer 2019.

VOD

https://youtu.be/1lm_cxm2W7Q?t=721

Replay - HeRoMaRinE v SortOf: Game 2 - Acropolis LE

Build Order

Get SALT Encoding   

  12  0:00  SCV  
  13  0:12  SCV  
  14  0:17  Supply Depot  
  14  0:25  SCV  
  15  0:38  SCV  
  15  0:39  Barracks  
  16  0:43  Refinery  
  16  0:50  SCV  
  17  1:03  SCV  
  18  1:15  SCV  
  19  1:27  Orbital Command, Reaper  
  20  1:38  Command Center  
  20  1:48  Supply Depot  
  20  1:52  SCV  
  21  1:59  Marine  
  22  2:04  SCV  
  22  2:07  Factory  
  23  2:12  Refinery  
  23  2:16  SCV  
  23  2:20  Barracks Reactor  
  26  2:51  Orbital Command  
  26  2:56  Starport  
  27  3:00  Hellion x2  
  27  3:02  Marine  
  35  3:21  Hellion x2  
  35  3:26  Supply Depot  
  39  3:32  Fusion Core  
  41  3:35  Starport Tech Lab  
  42  3:43  Hellion x2, Supply Depot  
  49  3:57  Supply Depot  
  52  4:21  Battlecruiser  
  59  4:25  Command Center  
  61  4:37  Refinery x2  
  61  4:40  Hellion  
  67  4:45  Hellion  
  67  4:56  Weapon Refit  
  71  5:25  Battlecruiser  
  77  5:32  Hellion x2  
  86  5:52  Orbital Command  
  86  5:56  Factory x2  
  86  6:03  Armory x2  
  90  6:08  Orbital Command  
  98  6:25  Refinery x2  
  98  6:34  Battlecruiser  
  98  6:39  Engineering Bay  
  110  6:57  Terran Vehicle Weapons Level 1, Terran Vehicle And Ship Armor Level 1  
  110  7:00  Factory Tech Lab x2  
  117  7:17  Factory x2  
  115  7:33  Cyclone x2  
  115  7:34  Mag-Field Accelerator  
  115  7:57  Battlecruiser  
  116  8:06  Factory Tech Lab  
  116  8:07  Factory Reactor  
  116  8:11  Command Center  
Spawning Tool Build Advisor. Get it on Overwolf

Analysis

This works extreamly well due to BC often force out corruptors or mudas and cylones are very good against them (you can play both battle mech and standard mech though). Also if zerg want to play hydra ling bane you will have a good number of blueflame hellions in the mix. Very easy to transition into thors or tanks at any time also add more starports for air transition. Easy to match zergs economics.

Go to:

Details

  • Created by: ItsRkaj  
  • Published on: Jul 18, 2019
  • Modified on: Jul 18, 2019
  • Patch: 4.7.1
Show
View Real Time Build Order
Export as new Build Order

Comments (0)

There are no comments. Be the first!

Create an account to comment!